 Dungeon Crawl Stone Soup version 0.28-a0-1130-gc51a68064b (webtiles) character file.

Game seed: 11971708545263155603

60218 tilp the Destroyer (level 14, -7/52 (66) HPs)
             Began as a Felid Ice Elementalist on Dec 11, 2021.
             Was the Champion of Ru.
             Mangled by a spectral dire elephant (22 damage)
             ... on level 6 of the Lair of Beasts on Dec 12, 2021.
             The game lasted 01:22:30 (52705 turns).

tilp the Destroyer (Felid Ice Elementalist)        Turns: 52705, Time: 01:22:30

HP:   -7/52 (66)    AC:  4    Str:  5    XL:     14   Next: 56%
MP:   3/24          EV: 24    Int: 22    God:    Ru [******]
Gold: 2490          SH:  0    Dex: 17    Spells: 9/29 levels left
                                        Lives: 0   Deaths: 2

rFire   + . .      SeeInvis +     - Unarmed
rCold   + . .      Faith    .   (shield unavailable)
rNeg    . . .      Spirit   .   (armour unavailable)
rPois   +          Reflect  .   (helmet unavailable)
rElec   +          Harm     .   (cloak unavailable)
rCorr   .          Rampage  .   (gloves unavailable)
Will    ++...                   (boots unavailable)
Stlth   +++++.....              y - amulet of the acrobat
HPRegen 0.17/turn               A - ring of the Octopus King {AC+1 EV+1 Str+1 Int+1 Dex+1 SInv}
MPRegen 0.19/turn               g - ring "Mafuekat" {+Blink rElec rPois rF+ Int-2}

@: exhausted, studying Fire Magic, heavily drained, quick
A: very small, claws 1, fangs 3, see invisible, clumsy 1, speed 1, low mp 1,
shaggy fur 3, inability to use devices, hated by all, unskilled 1, stealthy
paws, missing an eye, no weapons or thrown items, no armour, multi-lived
a: Renounce Religion, Draw Out Power, Power Leap, Apocalypse


You were on level 6 of the Lair of Beasts.
You worshipped Ru.
Ru was exalted by your worship.
You visited 4 branches of the dungeon, and saw 24 of its levels.
You also visited: Ice Cave.

You collected 3486 gold pieces.
You spent 996 gold pieces at shops.

Inventory:

Jewellery
 g - the ring "Mafuekat" (right paw) {+Blink rElec rPois rF+ Int-2}
   (You acquired it in an ice cave)

   [ring of protection from fire]

   Int:       It affects your intelligence (-2).
   rF:        It protects you from fire.
   rElec:     It insulates you from electricity.
   rPois:     It protects you from poison.
   +Blink:    It lets you blink.
 i - a ring of positive energy
 q - a ring of protection from cold
 t - a ring of wizardry
 u - a ring of protection from cold
 v - a ring of positive energy
 x - a ring of poison resistance
 y - an amulet of the acrobat (around neck)
 A - a ring of the Octopus King (left paw) {AC+1 EV+1 Str+1 Int+1 Dex+1 SInv}
   (You bought it in a shop on level 7 of the Dungeon)

   [ring of see invisible]

   AC:        It affects your AC (+1).
   EV:        It affects your evasion (+1).
   Str:       It affects your strength (+1).
   Int:       It affects your intelligence (+1).
   Dex:       It affects your dexterity (+1).
   SInv:      It lets you see invisible.
 C - a +4 ring of evasion
 D - a +6 ring of strength
Scrolls
 a - 2 scrolls of blinking
 e - a scroll of magic mapping
 f - 9 scrolls of teleportation
 k - 4 scrolls of amnesia
 m - 11 scrolls of identify
 p - 2 scrolls of fog
 r - 2 scrolls of torment
 B - 3 scrolls of fear
 E - a scroll of immolation
Potions
 b - 6 potions of mutation
 c - 6 potions of curing
 d - 4 potions of haste
 h - 2 potions of brilliance
 j - 4 potions of attraction
 l - 2 potions of flight
 n - 2 potions of cancellation
 o - a potion of invisibility
 s - a potion of heal wounds
 w - 9 potions of ambrosia
 z - 4 potions of lignification
 F - a potion of might
 G - a potion of magic


   Skills:
 - Level 10.0 Fighting
 - Level 10.0 Dodging
 - Level 12.0 Stealth
 - Level 10.0 Unarmed Combat
 - Level 8.0 Spellcasting
 + Level 12.9 Conjurations
 - Level 4.0 Hexes
 - Level 4.0 Translocations
 - Level 12.0 Ice Magic


You had 9 spell levels left.
You knew the following spells:

 Your Spells              Type           Power      Damage    Failure   Level
a - Freeze                Ice            100%       1d11      1%          1
b - Frozen Ramparts       Ice            100%       1d12      1%          3
c - Ozocubu's Armour      Ice            57%        N/A       1%          3
d - Hailstorm             Conj/Ice       59%        3d13      1%          4
e - Fulminant Prism       Conj/Hex       23%        3d13      2%          4
f - Iskenderun's Mystic   Conj/Tloc      46%        2d10      2%          4
g - Apportation           Tloc           52%        N/A       1%          1

Your spell library contained the following spells:

 Spells                   Type           Power      Damage    Failure   Level
 Ensorcelled Hibernation  Hex/Ice        88%        N/A       1%          2
 Ice Form                 Ice/Tmut       35%        N/A       6%          4
 Pain                     Necr           32%        1d5       8%          1
 Sting                    Tmut/Pois      32%        1d4       8%          1
 Poisonous Vapours        Pois/Air       16%        N/A       11%         2
 Vampiric Draining        Necr           8%         2d6       22%         3
 Leda's Liquefaction      Hex/Erth       8%         N/A       32%         4
 Olgreb's Toxic Radiance  Pois           8%         N/A       58%         4
 Alistair's Intoxication  Tmut/Pois      5%         N/A       90%         5
 Lee's Rapid Deconstruct  Erth           4%         3d6*      90%         5
 Portal Projectile        Hex/Tloc       Unusable   N/A       N/A         3
 Tukima's Dance           Hex            Unusable   N/A       N/A         3
 Summon Ice Beast         Ice/Summ       Unusable   N/A       N/A         4
 Animate Skeleton         Necr           Unusable   N/A       N/A         1
 Call Canine Familiar     Summ           Unusable   N/A       N/A         3

Dungeon Overview and Level Annotations

Branches:
Dungeon (15/15)            Temple (1/1) D:5            Lair (6/6) D:10
  Swamp (0/4) Lair:4       Spider (0/4) Lair:3        Slime (0/5) Lair:6
    Orc (2/2) D:10            Elf (0/3) Orc:2        Vaults (0/5) D:13
 Depths (0/4) D:15          IceCv (visited)

Altars:
Ashenzari
Cheibriados
Dithmenos
Elyvilon
Fedhas
Gozag
Hepliaklqana
Kikubaaqudgha
Makhleb
Nemelex Xobeh
Okawaru
Qazlal
Ru
Sif Muna
Trog
Uskayaw
Vehumet
Wu Jian
Xom
Yredelemnul
Zin
The Shining One
Beogh

Shops:
D:7 =   D:13 !   Orc:1 !   Orc:2 [*=(

Portals:
Trove: D:12 (give 18 potions of curing)

Annotations:
D:8 1 runed translucent door (long sword of chaos), qborf's ghost, novice FoFi
Lair:6 (end vault not done)


Innate Abilities, Weirdness & Mutations

You have sharp claws.
You have razor-sharp teeth.
You have supernaturally acute eyesight. (SInv)
You are clumsy. (Dex -2)
You cover ground quickly. (Speed+)
Your magical capacity is low. (-10% MP)
Your thick and shaggy fur keeps you warm. (AC +3, rC+)
You cannot study or use magical devices.
You are hated by all.
You are somewhat unskilled. (-1 Apt)
Your paws help you pounce on unaware monsters.
You are missing an eye, making it more difficult to aim.
You are incapable of wielding weapons or throwing items.
You cannot wear armour.
You gain extra lives every three experience levels.


Message History

Confirm with . or Enter, or press ? or * to list all spells.
You erupt in a blast of force!
The mystic blast hits the spectral dire elephant!
The spectral dire elephant is heavily damaged.
The spectral dire elephant is knocked back by the mystic blast.
Unknown command.
You scratch the spectral dire elephant but do no damage.
The spectral dire elephant is heavily damaged.
The spectral dire elephant tramples you!
You stumble backwards!
Your icy armour cracks and falls away as you move.
You scratch the spectral dire elephant.
The spectral dire elephant is heavily damaged.
You barely miss the spectral dire elephant.
The spectral dire elephant is heavily damaged.
The spectral dire elephant tramples you!!
Ouch! That really hurt!
* * * LOW HITPOINT WARNING * * *
You stumble backwards!
You scratch the spectral dire elephant but do no damage.
The spectral dire elephant is heavily damaged.
The spectral dire elephant is stunned by your conviction and fails to attack.
You scratch the spectral dire elephant.
The spectral dire elephant is severely damaged.
The spectral dire elephant closely misses you.
The spectral dire elephant trunk-slaps you.
* * * LOW HITPOINT WARNING * * *
Unknown command.
You scratch the spectral dire elephant but do no damage.
You bite the spectral dire elephant, but do no damage.
The spectral dire elephant is severely damaged.
The spectral dire elephant misses you. x2
You scratch the spectral dire elephant but do no damage.
You claw the spectral dire elephant.
The spectral dire elephant is severely damaged.
You barely miss the spectral dire elephant.
You bite the spectral dire elephant, but do no damage.
The spectral dire elephant is severely damaged.
The spectral dire elephant tramples you!!
You die...

#.....###.###..#.....## ####
#PP..##....##.........#
##....#....P.#....P..## #
##..../..............# #
#.#..................## ##
##....................# #.
##.........##.......## #.
##.#.#.#.##........### #######.
##.....#....P..@Z...#.###.#.....
#...........................P...
###..........)..../.............
#.............................
##......[......................
#...P#.....#.........#......#..
##....#....#...................
#.................#...........
#...........<.................


You could see a spectral dire elephant.

Vanquished Creatures
  Frances (D:13)
  An orc warlord (Orc:2)
  A stone giant (D:15)
  An ironbound preserver (D:13)
  2 dire elephants (Lair:6)
  Snorg (Lair:3)
  Azrael (D:13)
  Harold (D:8)
  Fannar (Lair:1)
  13 hydras
  5 ogre magi
  Erolcha (D:9)
  6 centaur warriors
  18 two-headed ogres
  4 boulder beetles
  9 death yaks
  4 tengu warriors
  Urug (D:13)
  Sonja (Lair:1)
  3 skeletal warriors (D:12)
  A wizard (D:9)
  Pikel (D:7)
  A lindwurm (Lair:6)
  6 deep elf pyromancers
  An oklob plant (Lair:5)
  6 cyclopes
  4 large abominations (D:9)
  15 ugly things
  5 manticores
  14 elephants
  3 ice statues (IceCv)
  A water nymph (shapeshifter) (D:13)
  4 black mambas
  An unseen horror (D:7)
  A torpor snail (D:10)
  2 gargoyles
  A dire elephant skeleton (Lair:6)
  15 cane toads
  8 rime drakes
  2 kobold demonologists
  A freezing wraith (IceCv)
  13 komodo dragons
  An entropy weaver simulacrum (IceCv)
  4 trolls
  A queen bee (Lair:4)
  3 meliai (Lair:4)
  A hornet (Lair:5)
  9 blink frogs
  A wolf spider simulacrum (D:14)
  15 slime creatures
  A spectral elephant (Lair:6)
  Prince Ribbit (D:7)
  2 shadows
  2 redbacks (Lair:3)
  Sigmund (D:5)
  A wraith (D:13)
  4 basilisks
  12 wyverns
  44 yaks
  A death yak simulacrum (IceCv)
  2 fire elementals (D:13)
  A vampire mosquito (D:7)
  A harpy simulacrum (IceCv)
  3 steam dragons
  2 wargs
  2 acid dragons
  14 water moccasins
  2 hell hounds (D:13)
  17 orc warriors
  9 black bears
  2 ice beasts
  A sky beast (D:5)
  26 ogres
  7 centaurs
  3 boggarts (D:15)
  10 wolves
  3 phantoms (D:6)
  An elephant skeleton (Lair:6)
  A kobold brigand (D:8)
  14 bullfrogs
  2 gnoll sergeants (D:7)
  Blork the orc (D:5)
  A wyvern zombie (D:8)
  A cane toad simulacrum (IceCv)
  A scorpion (D:5)
  A wyvern skeleton (D:7)
  2 water moccasin skeletons (D:7)
  7 small abominations (D:9)
  20 killer bees
  2 electric eels (Lair:4)
  The ghost of bmj180 the Grave Robber, a weakling HONe (D:4)
  3 howler monkeys
  2 bullfrog zombies (D:5)
  12 jellies
  5 centaur zombies
  2 centaur skeletons
  19 orc priests
  Crazy Yiuf (D:4)
  2 hounds (D:6)
  7 iguanas
  17 orc wizards
  6 hell rats (Lair:5)
  A polar bear simulacrum (IceCv)
  A killer bee zombie (D:7)
  A wolf simulacrum (IceCv)
  2 howler monkey zombies (D:7)
  5 adders
  A howler monkey skeleton (D:7)
  4 white imps (D:6)
  3 ufetubi
  An adder skeleton (D:4)
  A worm (D:2)
  A dart slug (D:5)
  72 orcs
  7 ball pythons
  6 bats
  5 endoplasms
  3 giant cockroaches (D:3)
  9 goblins
  4 hobgoblins
  5 jackals
  12 kobolds
  A quokka (D:2)
  4 frilled lizards
  2 rats
  2 bushes (Lair:6)
674 creatures vanquished.

Vanquished Creatures (others)
  A centaur warrior (D:15)
  A death yak (D:10)
  An elephant (Lair:4)
  A komodo dragon (Lair:5)
  A yak (D:10)
  A water moccasin (Lair:5)
  A jelly (Lair:6)
  A hell rat (Lair:5)
  4 fulminant prisms
  51 fungi
  82 plants
  37 withered plants
182 creatures vanquished.

Grand Total: 856 creatures vanquished

Notes
Turn   | Place    | Note
-------+----------+-------------------------------------------
     0 | D:1      | tilp the Felid Ice Elementalist began the quest for the
                  | Orb.
     0 | D:1      | Reached XP level 1. HP: 7/7 MP: 4/4
    50 | D:1      | Reached skill level 1 in Unarmed Combat
   167 | D:1      | Reached XP level 2. HP: 11/11 MP: 0/6
   299 | D:1      | Found a faded altar of an unknown god.
   966 | D:2      | Reached XP level 3. HP: 13/14 MP: 0/7
   970 | D:2      | Learned a level 3 spell: Frozen Ramparts
  1679 | D:3      | Reached XP level 4. HP: 17/18 MP: 8/8
  1770 | D:3      | Learned a level 3 spell: Ozocubu's Armour
  3034 | D:4      | You fall into a shaft and drop 1 floor!
  3034 | D:5      | Entered Level 5 of the Dungeon
  3035 | D:5      | Found a staircase to the Ecumenical Temple.
  3048 | Temple   | Entered the Ecumenical Temple
  3236 | Temple   | Became a worshipper of Ru the Awakened
  3268 | D:5      | Noticed Blork the orc
  3313 | D:5      | Reached XP level 5. HP: 12/21 MP: 6/10
  3624 | D:4      | Identified the +5 hunting sling "Heqah" {speed, +Blink rN+}
  3688 | D:4      | Reached skill level 5 in Ice Magic
  4212 | D:4      | Gained mutation: You are covered in thick fur. (AC +2)
                  | [Felid growth]
  4212 | D:4      | Reached XP level 6. HP: 23/24 MP: 6/12
  4342 | D:4      | Found a runed translucent door.
  4343 | D:4      | Noticed Crazy Yiuf
  4498 | D:4      | Found a runed translucent door.
  4499 | D:4      | Noticed bmj180's ghost (weakling HONe)
  5349 | D:5      | Noticed a wyvern
  5357 | D:5      | Killed a wyvern
  5358 | D:5      | Reached skill level 1 in Fighting
  5358 | D:5      | Reached XP level 7. HP: 28/28 MP: 7/14
  5537 | D:5      | Noticed Sigmund
  5681 | D:5      | Learned a level 4 spell: Hailstorm
  5914 | D:5      | Killed Blork the orc
  6289 | D:5      | Reached skill level 5 in Stealth
  6485 | D:6      | Reached XP level 8. HP: 29/33 MP: 11/15
  6569 | D:6      | Gained mutation: You are hated by all. [Ru sacrifice]
  6569 | D:6      | Reached * piety under Ru
  6569 | D:6      | Reached ** piety under Ru
  6593 | D:6      | Reached skill level 1 in Conjurations
  8593 | D:7      | Reached skill level 5 in Spellcasting
  8596 | D:7      | Reached XP level 9. HP: 27/36 MP: 3/17
  8760 | D:7      | Reached skill level 5 in Conjurations
  9115 | D:7      | Found an iron altar of Okawaru.
  9115 | D:7      | Found a snail-covered altar of Cheibriados.
  9115 | D:7      | Found a stormy altar of Qazlal.
  9340 | D:7      | Noticed Prince Ribbit
  9346 | D:7      | Noticed a cyclops
  9348 | D:7      | Noticed an unseen horror
  9842 | D:7      | Killed Prince Ribbit
 10030 | D:7      | Found Soosem's Jewellery Boutique.
 10103 | D:7      | Noticed Pikel
 10108 | D:7      | Killed Pikel
 10528 | D:7      | Noticed a brown ugly thing
 10606 | D:7      | Reached XP level 10. HP: 26/40 MP: 3/20
 10852 | D:7      | Noticed a cyclops
 10875 | D:7      | Killed a cyclops
 11123 | D:7      | Killed a cyclops
 11300 | D:7      | Reached skill level 5 in Unarmed Combat
 11454 | D:7      | Reached skill level 5 in Dodging
 11679 | D:8      | Noticed Harold
 11689 | D:8      | Killed Harold
 12422 | D:8      | Found a runed translucent door.
 12422 | D:8      | Found a shimmering altar of Xom.
 12422 | D:8      | Noticed qborf's ghost (novice FoFi)
 12423 | D:8      | Noticed a +2 long sword of chaos
 13555 | D:9      | Noticed Erolcha
 14028 | D:9      | Noticed a wizard
 14036 | D:9      | Killed a wizard
 14037 | D:9      | Reached skill level 5 in Fighting
 14326 | D:9      | Noticed a large abomination
 14331 | D:9      | Killed a large abomination
 14332 | D:9      | Reached XP level 11. HP: 48/48 MP: 6/21
 14985 | D:9      | Killed Erolcha
 15230 | D:10     | Entered Level 10 of the Dungeon
 15472 | D:10     | Found a broken altar of Ashenzari.
 15494 | D:10     | Noticed a death yak
 15522 | D:10     | Killed a death yak
 15802 | D:10     | Found a staircase to the Lair.
 16691 | D:10     | Noticed a two-headed ogre
 16715 | D:10     | Killed a two-headed ogre
 16888 | D:10     | Identified the +3 falchion "Zuzon" {freeze, rF- Will- Int+9
                  | SInv}
 16894 | D:10     | Found a staircase to the Orcish Mines.
 17615 | D:10     | Identified a scroll of acquirement
 17615 | D:10     | Acquired 970 gold pieces
 17670 | D:7      | Killed a brown ugly thing
 17812 | D:7      | Bought a ring of poison resistance for 260 gold pieces
 17812 | D:7      | Bought a ring of the Octopus King {AC+1 EV+1 Str+1 Int+1
                  | Dex+1 SInv} for 477 gold pieces
 17812 | D:7      | Found the ring of the Octopus King {AC+1 EV+1 Str+1 Int+1
                  | Dex+1 SInv}
 17970 | D:4      | Killed bmj180's ghost
 18054 | D:4      | Killed Crazy Yiuf
 18129 | D:4      | Gained mutation: You are clumsy. (Dex -2) [Ru sacrifice]
 18242 | D:5      | Killed Sigmund
 18820 | D:11     | Noticed a six-headed hydra
 19345 | D:10     | Reached skill level 10 in Stealth
 19874 | D:11     | Killed a six-headed hydra
 19875 | D:11     | Gained mutation: Your thick and shaggy fur keeps you warm.
                  | (AC +3, rC+) [Felid growth]
 19875 | D:11     | Reached XP level 12. HP: 41/55 MP: 4/22
 20884 | Lair:1   | Entered Level 1 of the Lair of Beasts
 21397 | Lair:1   | Noticed a death yak
 21913 | D:10     | Killed a death yak
 22204 | Lair:1   | Identified the +1 scale mail "Iribai" {Rampage rPois rCorr
                  | Str+2}
 22320 | Lair:1   | Gained mutation: You cannot study or use magical devices.
                  | [Ru sacrifice]
 22320 | Lair:1   | Reached *** piety under Ru
 22320 | Lair:1   | Reached **** piety under Ru
 22788 | Lair:1   | Noticed Sonja
 22796 | Lair:1   | Noticed Fannar
 24416 | Lair:2   | Upgraded the game from 0.28-a0-1117-g0bdd5ba030 to
                  | 0.28-a0-1130-gc51a68064b
 24436 | Lair:3   | Noticed a seven-headed hydra
 24484 | Lair:3   | Killed a seven-headed hydra
 24681 | Lair:3   | Gained mutation: Your magical capacity is low. (-10% MP)
                  | [Ru sacrifice]
 24887 | Lair:3   | Reached skill level 10 in Conjurations
 24959 | Lair:3   | Reached skill level 10 in Ice Magic
 25257 | Lair:3   | Reached XP level 13. HP: 53/58 MP: 9/23
 25348 | Lair:3   | Found a hole to the Spider Nest.
 25526 | Lair:3   | Noticed Snorg
 26624 | Lair:4   | Found a staircase to the Swamp.
 27277 | Lair:4   | Gained mutation: You are somewhat unskilled. (-1 Apt) [Ru
                  | sacrifice]
 27277 | Lair:4   | Reached ***** piety under Ru
 31277 | Lair:5   | Gained mutation: You are missing an eye, making it more
                  | difficult to aim. [Ru sacrifice]
 31277 | Lair:5   | Reached ****** piety under Ru
 31324 | Lair:5   | Reached XP level 14. HP: 49/61 MP: 9/23
 32222 | Lair:6   | Entered Level 6 of the Lair of Beasts
 35993 | Lair:6   | Found a staircase to the Slime Pits.
 36056 | Lair:6   | Identified the +0 buckler "Widov" {rC+ Will+}
 37452 | Orc:1    | Entered Level 1 of the Orcish Mines
 37524 | Orc:1    | Found a frozen archway.
 37633 | IceCv    | Entered an ice cave
 37959 | IceCv    | HP: 3/85 [entropy weaver simulacrum (10)]
 38267 | IceCv    | Acquired the ring "Mafuekat" {+Blink rElec rPois rF+ Int-2}
 38572 | Orc:1    | Reached skill level 10 in Stealth
 39074 | Orc:1    | Found Zavec's Distillery.
 39082 | Orc:1    | Bought a potion of heal wounds for 75 gold pieces
 39472 | Orc:2    | Entered Level 2 of the Orcish Mines
 39472 | Orc:2    | Found a staircase to the Elven Halls.
 40095 | Orc:2    | Noticed an orc warlord
 40104 | Orc:2    | Killed an orc warlord
 41005 | Orc:2    | Found Dilokh's Antique Armour Boutique.
 41005 | Orc:2    | Found Ugal's Assorted Antiques.
 41006 | Orc:2    | Found Cannuzij's Jewellery Emporium.
 41006 | Orc:2    | Found Bef Ant's Antique Weapon Shop.
 41038 | Orc:2    | Reached XP level 15. HP: 62/67 MP: 2/25
 41334 | Orc:2    | HP: 1/64 [two-headed ogre (26)]
 41648 | Orc:2    | Bought a potion of curing for 69 gold pieces
 41648 | Orc:2    | Bought a potion of heal wounds for 115 gold pieces
 42106 | D:12     | Found a portal to a secret trove of treasure.
 42194 | D:12     | Identified the +11 dagger of Gloom {vamp, Contam Dex+4
                  | Stlth+}
 42542 | D:12     | Identified the +2 ring mail "Iwnixt" {Str+6 Dex+2}
 42761 | D:12     | Acquired a book of Blasting
 42769 | D:12     | Learned a level 4 spell: Fulminant Prism
 42774 | D:12     | Learned a level 4 spell: Iskenderun's Mystic Blast
 42776 | D:12     | Learned a level 1 spell: Apportation
 43433 | D:13     | Noticed Frances
 43442 | D:13     | Killed from afar by Frances
 43443 | D:13     | Reached XP level 14. HP: -11/64 MP: 3/24
 43443 | D:13     | Found Focisi's Distillery.
 43451 | D:13     | Noticed Azrael
 43460 | D:13     | Killed Azrael
 44098 | D:13     | Found a gate to the Vaults.
 44098 | D:13     | Noticed an ironbound preserver
 44105 | D:13     | Killed an ironbound preserver
 44492 | D:13     | Noticed Urug
 44519 | D:13     | Killed Urug
 45154 | D:13     | Reached skill level 10 in Dodging
 46167 | D:13     | HP: 3/64 [Frances/shard of ice (28)]
 46169 | D:13     | Mangled by a red devil
 46170 | D:13     | Reached XP level 13. HP: -7/60 MP: 2/23
 46227 | D:13     | Killed Frances
 46320 | D:13     | Found a gate to the Vaults.
 46350 | D:13     | Found Focisi's Distillery.
 48470 | D:14     | Reached skill level 10 in Fighting
 48470 | D:14     | Reached skill level 10 in Unarmed Combat
 48775 | D:14     | Reached skill level 1 in Hexes
 48775 | D:14     | Reached skill level 1 in Translocations
 48948 | D:15     | Entered Level 15 of the Dungeon
 49041 | D:15     | Reached XP level 14. HP: 43/66 MP: 0/24
 50456 | D:15     | Found a staircase to the Depths.
 50456 | D:15     | Noticed a stone giant
 50467 | D:15     | Killed a stone giant
 51361 | Lair:1   | Killed Sonja
 51453 | Lair:1   | Killed Fannar
 51582 | Lair:3   | Killed Snorg
 52705 | Lair:6   | Mangled by a spectral dire elephant

Illustrated notes

Levels and vault maps discovered:
D:1:      minmay_arrival_stone_box, layout_basic,
          hellmonk_ecumenical_altar_arch_garden
D:2:      layout_rooms
D:3:      layout_loops_corners, minmay_misc_feat_five, minmay_mini_jars
D:4:      layout_cave_pods, gammafunk_ghost_grave, wad_floor_pattern_2,
          kennysheep_generic_room_11, uniq_crazy_yiuf_cottage
D:5:      layout_basic, minmay_temple_entry_waves, uniq_blork_the_orc,
          uniq_sigmund
D:6:      layout_basic
D:7:      minmay_the_grid_octo_triangle [minmay_the_grid_octo_fat_diamond,
          minmay_the_grid_octo_prize_star, minmay_the_grid_octo_fan_narrow],
          layout_loops_ring, gammafunk_temple_overflow_claw, serial_shops, shop,
          minmay_circle_x, uniq_prince_ribbit1, uniq_pikel
D:8:      layout_rooms, ebering_ghost_xom, minmay_misc_feat_square, uniq_harold
D:9:      layout_stronghold, laboratory, uniq_erolcha
D:10:     layout_irregular_city, overflow_temple_1_default, david_lair_generic,
          david_orc_1_choice
D:11:     layout_rooms
D:12:     layout_roguey, enter_trove_0
D:13:     layout_grid_maze, skrybe_vaults_entry_preservation, serial_shops,
          kennysheep_little_box, uniq_frances, uniq_urug, uniq_azrael
D:14:     layout_gridville, serial_glass, glass_columns_a, glass_columns_a,
          glass_columns_a, glass_columns_b, kennysheep_potato
D:15:     grunt_enter_depths_snipers, layout_cave_pools,
          hangedman_decor_peaks_small
Temple:   regret_index_temple_mists
Lair:1:   layout_chaotic_city, nicolae_lair_grove_arrangements,
          grunt_megastairs_2, lemuel_fruit_tree, uniq_fannar, uniq_sonja
Lair:2:   layout_hall_layers
Lair:3:   layout_loops_ring, spider_nest_entry_webs, st_stairs_10,
          nzn_sisyphean_effort, uniq_snorg
Lair:4:   layout_layer_cave, minmay_swamp_entry_reptiles, special_room
          [special_room_bee], grunt_forest_stairs_basic, fungi_pond_lemuel,
          serial_bayou_shore_a, serial_bayou_shore_b, lemuel_fruit_fields,
          serial_bayou_shore_b
Lair:5:   cheibrodos_lair_overgrown_chateau, layout_misc_corridors, special_room
          [special_room_mythical_zoo], beast_lair_carwin_4
Lair:6:   due_jungle_book, layout_gridlike, minmay_slime_entry_jelly_boxes,
          lemuel_fruit_fields
Orc:1:    layout_caves, portal_ice_cave_entry_pillars_1, serial_shops, shop,
          minmay_orc_temple_b
Orc:2:    st_orc_ogre_mass, layout_caves

Skill      XL: |  1  2  3  4  5  6  7  8  9 10 11 12 13 14 15 |
---------------+----------------------------------------------+-----
Unarmed Combat | 1 2 3 4 6 8 10 8 9 | 10.0
Ice Magic      | 4 5 6 8 10 11 12 | 12.0
Spellcasting   | 3 4 5 6 8 7 8 |  8.0
Stealth        | 3 6 8 10 12 10 11 | 12.0
Dodging        | 3 4 6 8 7 10 9 | 10.0
Fighting       | 1 2 5 8 10 8 9 | 10.0
Conjurations   | 4 7 8 10 11 12 | 12.9
Hexes          | 2 4 |  4.0
Translocations | 2 4 |  4.0

Action                   |  1- 3 |  4- 6 |  7- 9 | 10-12 | 13-15 || total
-------------------------+-------+-------+-------+-------+-------++-------
Melee: Unarmed           |    32 |    59 |   242 |   271 |   674 ||  1278
       Bite              |     4 |     6 |    18 |    30 |    73 ||   131
       Punch             |       |       |     3 |     4 |    27 ||    34
 Cast: Freeze            |    39 |    35 |    28 |    68 |    88 ||   258
       Frozen Ramparts   |     2 |    10 |    27 |    61 |   107 ||   207
       Ozocubu's Armour  |       |    13 |    32 |    70 |   111 ||   226
       Hailstorm         |       |       |    10 |   101 |   234 ||   345
       Iskenderun's Myst |       |       |       |       |    57 ||    57
       Fulminant Prism   |       |       |       |       |     4 ||     4
       Apportation       |       |       |       |       |     1 ||     1
Invok: Sacrifice Love    |       |       |     1 |       |       ||     1
       Reject Sacrifices |       |       |       |     1 |       ||     1
       Sacrifice Purity  |       |       |       |     1 |       ||     1
       Sacrifice Essence |       |       |       |     1 |       ||     1
       Sacrifice Artific |       |       |       |     1 |       ||     1
       Apocalypse        |       |       |       |       |    14 ||    14
       Power Leap        |       |       |       |       |     9 ||     9
       Draw Out Power    |       |       |       |       |     7 ||     7
       Sacrifice Skill   |       |       |       |       |     1 ||     1
       Sacrifice an Eye  |       |       |       |       |     1 ||     1
Evoke: Wand              |       |       |     3 |     3 |       ||     6
       Lightning rod     |       |       |       |     7 |       ||     7
  Use: Scroll            |     4 |     9 |       |    12 |     8 ||    33
       Potion            |       |     2 |     3 |     3 |     7 ||    15
 Stab: Sleeping          |     6 |     4 |     3 |    17 |    16 ||    46
       Distracted        |       |       |       |     1 |     7 ||     8
       Paralysed         |       |       |       |       |    18 ||    18
       Invisible         |       |       |       |       |     3 ||     3
Armor: Skin              |     3 |    22 |    54 |    54 |   132 ||   265
Dodge: Dodged            |    60 |    65 |   219 |   289 |   744 ||  1377

Table legend: (Time is in decaauts)
 A = Elapsed time spent in this place.
 B = Non-inter-level travel time spent in this place.
 C = Inter-level travel time spent in this place.
 D = Time resting spent in this place.
 E = Time spent auto-exploring this place.
 F = Levels seen in this place.
 G = Mean time per level.
                   A        B        C        D        E       F      G
               +--------+--------+--------+--------+--------+-----+--------+
         Total |  48481 |  46117 |   2364 |  18933 |  20923 |  25 | 1939.2 |
       Dungeon |  28750 |  27364 |   1386 |   9625 |  14473 |  15 | 1916.7 |
        Temple |    246 |    183 |     63 |      0 |    166 |   1 |  246.0 |
          Lair |  15528 |  14771 |    757 |   7443 |   5087 |   6 | 2588.0 |
  Orcish Mines |   3308 |   3152 |    156 |   1369 |   1197 |   2 | 1654.0 |
      Ice Cave |    647 |    647 |      0 |    495 |      0 |   1 |  647.0 |
               +--------+--------+--------+--------+--------+-----+--------+

Top non-repeatable levels by time:
  Lair:5: 5216 daAuts
    D:10: 4364 daAuts
    D:13: 3807 daAuts
  Lair:4: 3681 daAuts
     D:7: 3288 daAuts
    D:14: 2783 daAuts
     D:6: 2467 daAuts
  Lair:3: 2447 daAuts
  Lair:1: 1849 daAuts
     D:5: 1759 daAuts
     D:4: 1750 daAuts
  Lair:6: 1722 daAuts
   Orc:2: 1693 daAuts
     D:9: 1670 daAuts
   Orc:1: 1615 daAuts
